 Dungeon Crawl Stone Soup version 0.31.0-9-g3a7656b989 (webtiles) character file.

Game seed: 9380596787403375967

237 Chiseanne the Caller (level 5, -1/39 HPs)
             Began as a Demonspawn Wanderer on Feb 3, 2024.
             Succumbed to Edmund's poison
             ... on level 4 of the Dungeon.
             The game lasted 00:04:04 (2155 turns).

Chiseanne the Caller (Demonspawn Wanderer)          Turns: 2155, Time: 00:04:05

Health: -1/39      AC:  7    Str: 11    XL:     5   Next: 77%
Magic:  6/6        EV: 10    Int: 13    God:
Gold:   89         SH:  5    Dex: 15    Spells: 5/6 levels left

rFire   + . .        r - +4 war axe
rCold   . . .        b - +0 buckler
rNeg    . . .        g - +1 ring mail
rPois   .            (helmet restricted)
rElec   .            q - +0 cloak
rCorr   .            (no gloves)
SInv    +            (no boots)
Will    .....        (no amulet)
Stlth   +            f - ring of see invisible
HPRegen 0.26/turn    k - ring of protection from fire
MPRegen 0.10/turn

%: no passive effects
@: lethally poisoned (-1 -> -41)
A: horns 1, demonic magic 1
a: no special abilities


You were on level 4 of the Dungeon.
You visited 1 branch of the dungeon, and saw 4 of its levels.

You collected 89 gold pieces.

Inventory:

Hand Weapons
 p - a +0 dagger of venom
 r - a +4 war axe (weapon)
Missiles
 i - 24 stones
 m - 8 poisoned darts
Armour
 b - a +0 buckler (worn)
 g - a +1 ring mail (worn)
 q - a +0 cloak (worn)
Jewellery
 f - a ring of see invisible (left hand)
 k - a ring of protection from fire (right hand)
Scrolls
 c - a scroll of fear
 d - a scroll of identify
Potions
 a - a potion of degeneration {unknown}
 e - a potion of invisibility {unknown}
 h - a potion of might {unknown}
 j - a potion of cancellation {unknown}
 l - a potion of curing {unknown}
 n - 2 potions of heal wounds
 o - a potion of brilliance {unknown}


   Skills:
 * Level 2.5 Fighting
 - Level 1.7 Long Blades
 * Level 2.2 Armour
 * Level 2.7 Dodging
 * Level 3.2 Shields
 - Level 1.0 Spellcasting
 - Level 4.0 Summonings


You had 5 spell levels left.
You knew the following spells:

 Your Spells              Type           Power      Damage    Failure   Level
a - Summon Small Mammal   Summ           44%        N/A       19%         1

Your spell library contained the following spells:

 Spells                   Type           Power      Damage    Failure   Level
 Call Imp                 Summ           22%        N/A       26%         2
 Call Canine Familiar     Summ           11%        N/A       47%         3
 Apportation              Tloc           0%         N/A       67%         1
 Magic Dart               Conj           0%         1d3       67%         1
 Summon Ice Beast         Ice/Summ       5%         N/A       77%         3
 Blink                    Tloc           0%         N/A       80%         2
 Ensorcelled Hibernation  Hex/Ice        0%         N/A       80%         2
 Jinxbite                 Hex            0%         N/A       80%         2
 Passwall                 Erth           0%         N/A       95%         3
 Swiftness                Air            0%         N/A       95%         3
 Alistair's Intoxication  Alch           0%         N/A       100%        5


Dungeon Overview and Level Annotations

Branches:
Dungeon (4/15)
 Temple: D:4-7

Altars:

Annotations:
D:3 Grinder
D:4 Edmund


Innate Abilities, Weirdness & Mutations

You have a pair of small horns on your head.
Spells you cast may paralyse adjacent enemies.


Message History

The jackal closely misses you. The jackal misses you.
You closely miss the jackal. Your headbutt misses the jackal.
The jackal is severely wounded.
You completely miss Edmund. You block the jackal's attack.
You block Edmund's attack. The jackal closely misses you.
Edmund completely misses you.
You slash the jackal!
You kill the jackal!
You hit Edmund but do no damage.
Edmund hits you with a +3 flail of venom!
You are poisoned.
You slash Edmund!
Edmund is moderately wounded.
You feel very sick.
Edmund hits you with a +3 flail of venom!
You are lethally poisoned!
Edmund hits you with a +3 flail of venom.
* * * LOW HITPOINT WARNING * * *
You are more poisoned.
You are too injured to fight recklessly!
You are too injured to fight recklessly!
You are too injured to fight recklessly!
You are too injured to fight recklessly!
You are too injured to fight recklessly!
You are too injured to fight recklessly!
You are too injured to fight recklessly!
You are too injured to fight recklessly!
You are too injured to fight recklessly!
You are too injured to fight recklessly!
You are too injured to fight recklessly!
You are too injured to fight recklessly!
You are too injured to fight recklessly!
You are too injured to fight recklessly!
You are too injured to fight recklessly!
You are too injured to fight recklessly!
You are too injured to fight recklessly!
You are too injured to fight recklessly!
You are too injured to fight recklessly!
You are too injured to fight recklessly!
You die...

...........#'#########.
......................
...)..)...........####
..................#
.##...####........#
.##...# #........#
.##...# #........#
.##...####........#
.......#.#.#+#.#@#.#
###...#.#.#.#.#.#.#.#
#....'#.#.#.#†#@#.#h#
#....#.#.#.#.# #.#.#.#
#.#.#.#.#.#.#.# #.#.#.#
....#.# #.#.#.#.#
#.#.#h ##.#.# #.#.#.#.#
#.#.# ....# #.#.#.#.#.
#.#. ##.# .# #.#. #.


There were no monsters in sight!

Vanquished Creatures
  A howler monkey (D:4)
  A hound (D:2)
  An orc priest (D:2)
  Jessica (D:2)
  Robin (D:3)
  2 adders
  4 orcs
  2 ball pythons (D:1)
  7 endoplasms
  A giant cockroach (D:1)
  13 goblins
  11 hobgoblins
  10 jackals
  2 quokkas
  4 bats (D:1)
  5 frilled lizards
  4 kobolds
  3 rats
73 creatures vanquished.

Notes
Turn   | Place    | Note
-------+----------+-------------------------------------------
     0 | D:1      | Chiseanne the Demonspawn Wanderer began the quest for the
                  | Orb.
     0 | D:1      | Chiseanne set off with the following items: a +0 falchion,
                  | a +0 buckler, a scroll of fear, a +0 robe; and the
                  | following spell memorised: Summon Small Mammal; and the
                  | following spells available to memorise: Call Canine
                  | Familiar, Summon Ice Beast.
     0 | D:1      | Reached XP level 1. HP: 13/13 MP: 2/2
   258 | D:1      | Gained mutation: You have a pair of small horns on your
                  | head. [demonic ancestry]
   258 | D:1      | Reached XP level 2. HP: 20/20 MP: 3/3
   292 | D:1      | Reached skill level 1 in Fighting
   470 | D:1      | Reached XP level 3. HP: 26/26 MP: 4/4
   849 | D:2      | Reached skill level 1 in Armour
  1087 | D:2      | Found a faded altar of an unknown god.
  1518 | D:3      | Noticed Jessica
  1530 | D:2      | Killed Jessica
  1531 | D:2      | Reached XP level 4. HP: 16/32 MP: 5/5
  1653 | D:3      | Noticed Grinder
  1863 | D:2      | Gained mutation: Spells you cast may paralyse adjacent
                  | enemies. [demonic ancestry]
  1863 | D:2      | Reached XP level 5. HP: 17/38 MP: 6/6
  1976 | D:3      | Noticed Robin
  2021 | D:3      | Killed Robin
  2150 | D:4      | Noticed Edmund
  2155 | D:4      | Succumbed to Edmund's poison

Illustrated notes

Levels and vault maps discovered:
D:1:      giann_horns, layout_basic, minmay_misc_feat_hallway
D:2:      layout_basic, ebering_ecumenical_altar_mist
D:3:      layout_rooms, uniq_grinder, uniq_robin, uniq_jessica
D:4:      layout_basic, overflow_temple_1_default, minmay_temple_entry_poolview,
          uniq_edmund

Skill      XL: |  1  2  3  4  5 |
---------------+----------------+-----
Shields        | 2 3 |  3.2
Fighting       | 1 2 |  2.5
Armour         | 1 2 |  2.2
Dodging        | 2 |  2.7
Long Blades    | |  1.7
Spellcasting   | |  1.0
Summonings     | |  4.0

Action                     |  1- 3 |  4- 6 || total
---------------------------+-------+-------++-------
  Melee: Falchion          |    92 |    70 ||   162
         Headbutt          |     5 |    16 ||    21
         War axe           |       |    24 ||    24
    Use: Scroll            |     5 |       ||     5
   Stab: Sleeping          |     1 |       ||     1
 Armour: Robe              |     9 |       ||     9
         Ring mail         |    54 |    90 ||   144
  Dodge: Dodged            |    60 |    76 ||   136
  Block: Buckler           |    25 |    28 ||    53
